[Event "Titled Tuesday Blitz June 6 Late 2023"]
[White "Prohaszka, Peter"]
[Black "Bilan, Danila"]
[WhiteFideId "726265"]
[BlackFideId "24161918"]
[WhiteElo "2626"]
[BlackElo "2146"]
[Result "1-0"]
[Round "5"]
[TimeControl "180+2"]
[Date "2023.06.07"]
[WhiteClock "0:00:33"]
[BlackClock "0:00:01"]
[Board "36"]

1. d4 d5 2. Nf3 Nf6 3. c3 Bf5 4. Bf4 c6 5. Qb3 Qc8 6. e3 Nbd7 7. c4 e6 8. Nc3 h6 9. h3 Be7 10. Rc1 O-O 11. Be2 Ne4 12. cxd5 Nxc3 13. bxc3 exd5 14. c4 dxc4 15. Bxc4 Nb6 16. Bd3 Bxd3 17. Qxd3 Bb4+ 18. Ke2 Nd5 19. Bg3 Qe6 20. a3 Bd6 21. Bxd6 Qxd6 22. Rhd1 Rfe8 23. Kf1 Re7 24. e4 Nf4 25. Qe3 Nxg2 26. Kxg2 Qg6+ 27. Kf1 Rxe4 28. Ne5 Rxe3 29. Nxg6 Rxh3 30. Ne5 Rxa3 31. Rb1 Rb8 32. Nxc6 Re8 33. Rxb7 Ra2 34. Re7 Rc8 35. d5 Rc2 36. Rxa7 1-0


[Site "https://www.chess.com"]

[Event "Titled Tuesday Blitz June 6 Late 2023"]
[White "Principe, Alexander"]
[Black "Kushko, Dmitriy"]
[WhiteFideId "3804542"]
[BlackFideId "14162261"]
[WhiteElo "2203"]
[BlackElo "2230"]
[Result "0-1"]
[Round "5"]
[TimeControl "180+2"]
[Date "2023.06.07"]
[WhiteClock "0:00:45"]
[BlackClock "0:00:34"]
[Board "37"]

1. e4 g6 2. d4 Bg7 3. Nc3 d6 4. f4 a6 5. Nf3 b5 6. Bd3 Nd7 7. e5 c5 8. Be4 Rb8 9. exd6 exd6 10. dxc5 dxc5 11. O-O Ngf6 12. Bc6 O-O 13. Bxd7 Qxd7 14. Qxd7 Bxd7 15. Ne5 Bf5 16. Nc6 Rbe8 17. a4 b4 18. Nd1 Bxc2 19. Ne3 Be4 20. Ne5 Rd8 21. b3 Nd5 22. N3c4 Bc2 23. Na5 f6 24. Nec6 Rde8 25. Bb2 Re2 26. Rf2 Rxf2 27. Kxf2 Nxf4 28. Kg3 Nd3 29. Ra2 Bb1 30. Ra1 Bc2 31. Ra2 Re8 32. Bxf6 Re3+ 33. Kg4 Bxf6 34. Ne7+ Bxe7 0-1


[Site "https://www.chess.com"]

[Event "Titled Tuesday Blitz June 6 Late 2023"]
[White "Nasuta, Grzegorz"]
[Black "Jovic, Stanoje"]
[WhiteFideId "1141686"]
[BlackFideId "905020"]
[WhiteElo "2449"]
[BlackElo "2236"]
[Result "0-1"]
[Round "5"]
[TimeControl "180+2"]
[Date "2023.06.07"]
[WhiteClock "0:00:09"]
[BlackClock "0:00:20"]
[Board "38"]

1. e4 c6 2. Nc3 d5 3. Nf3 dxe4 4. Nxe4 Nf6 5. Qe2 Nxe4 6. Qxe4 Qd5 7. Qf4 Qf5 8. Qe3 Qxc2 9. Bd3 Qa4 10. O-O Nd7 11. b3 Qg4 12. h3 Qh5 13. Bb2 Nf6 14. Rfe1 Nd5 15. Qd4 Bxh3 16. Re5 Qg4 17. Rg5 Qxd4 18. Bxd4 Be6 19. Bxg7 Bxg7 20. Rxg7 O-O-O 21. Ng5 Nf4 22. Nxe6 fxe6 23. Bf1 Rxd2 24. Re1 h5 25. g3 Nd5 26. Bh3 Rf8 27. Bxe6+ Kc7 28. Bxd5 cxd5 29. Rexe7+ Kd6 30. Rd7+ Kc5 31. f4 Re8 32. Rge7 Rxe7 33. Rxe7 Rxa2 34. f5 Ra6 35. Rxb7 Rf6 36. Kf2 Rxf5+ 37. Ke3 a5 38. Ra7 Kb4 39. Rb7+ Kc3 40. Ke2 Re5+ 41. Kd1 d4 42. Rb8 Rg5 43. Rc8+ Kd3 44. Re8 Rxg3 45. Ke1 Rg1+ 46. Kf2 Rb1 47. Re5 Rxb3 48. Rxa5 h4 49. Rh5 Kc2 50. Rxh4 d3 51. Rc4+ Kd2 52. Rc8 Rb5 53. Ra8 Rf5+ 54. Kg3 Ke2 55. Re8+ Kd1 56. Kg2 d2 57. Rc8 Ke2 58. Re8+ Kd3 59. Rd8+ Ke3 60. Rd7 Rf4 61. Re7+ Re4 62. Ra7 d1=Q 63. Ra3+ Qd3 64. Rxd3+ Kxd3 65. Kf3 Kd4 66. Kf2 Re3 67. Kg1 Ke4 68. Kh2 Kf4 69. Kg2 Rf3 70. Kh1 Kg3 71. Kg1 Rf4 0-1


[Site "https://www.chess.com"]

[Event "Titled Tuesday Blitz June 6 Late 2023"]
[White "Horvath, Dominik"]
[Black "Prieto Aranguren, Alain"]
[WhiteFideId "1642561"]
[BlackFideId "2268906"]
[WhiteElo "2407"]
[BlackElo "2209"]
[Result "1-0"]
[Round "5"]
[TimeControl "180+2"]
[Date "2023.06.07"]
[WhiteClock "0:00:23"]
[BlackClock "0:00:14"]
[Board "39"]

1. e4 c6 2. d4 d5 3. exd5 cxd5 4. Nf3 Nc6 5. Ne5 Qb6 6. c3 Nf6 7. Na3 g6 8. Be2 Bg7 9. O-O O-O 10. Nc2 Bf5 11. Ne3 Rac8 12. Nxf5 gxf5 13. Nd3 Ne4 14. f3 Nd6 15. Kh1 Kh8 16. Bf4 Nc4 17. Rb1 Rg8 18. Re1 e6 19. Bf1 Ne7 20. b3 Nd6 21. Rc1 Ng6 22. Bg3 Bh6 23. Rc2 f4 24. Bf2 Nf5 25. Ree2 Qd8 26. Qe1 Qg5 27. c4 Qh5 28. cxd5 Rxc2 29. Rxc2 Ng3+ 30. Kg1 exd5 31. hxg3 fxg3 32. Bxg3 Bg7 33. Ne5 Qf5 34. Bd3 Qf6 35. Rc7 Rf8 36. Bxg6 hxg6 37. Bf2 Qf5 38. g4 Qf4 39. Be3 Qf6 40. Qg3 Qd6 41. Nxf7+ 1-0


[Site "https://www.chess.com"]

[Event "Titled Tuesday Blitz June 6 Late 2023"]
[White "Daggupati, Balaji"]
[Black "Sanchez, Robert"]
[WhiteFideId "2090759"]
[BlackFideId "2034360"]
[WhiteElo "2723"]
[BlackElo "1893"]
[Result "1-0"]
[Round "5"]
[TimeControl "180+2"]
[Date "2023.06.07"]
[WhiteClock "0:01:27"]
[BlackClock "0:00:25"]
[Board "40"]

1. e4 e6 2. d4 d5 3. Nc3 Nf6 4. Bg5 Be7 5. e5 Nfd7 6. Bxe7 Qxe7 7. f4 a6 8. Qg4 O-O 9. Bd3 f5 10. exf6 Nxf6 11. Qh4 g6 12. Nf3 c5 13. dxc5 Qxc5 14. O-O-O Nc6 15. Qg5 Qe7 16. Ne5 Qg7 17. h4 Nh5 18. g3 Nxe5 19. fxe5 Bd7 20. Ne2 Bb5 21. g4 Bxd3 22. Rxd3 Rf2 23. Re1 h6 24. Qe3 Rxe2 25. Rxe2 1-0


[Site "https://www.chess.com"]

[Event "Titled Tuesday Blitz June 6 Late 2023"]
[White "Arias Igual, Alejandro"]
[Black "Zhigalko, Sergei"]
[WhiteFideId "2254905"]
[BlackFideId "13502956"]
[WhiteElo "2179"]
[BlackElo "2626"]
[Result "0-1"]
[Round "5"]
[TimeControl "180+2"]
[Date "2023.06.07"]
[WhiteClock "0:00:54"]
[BlackClock "0:01:22"]
[Board "41"]

1. e4 c5 2. Nf3 Nc6 3. Bb5 Nf6 4. Bxc6 dxc6 5. d3 Bg4 6. h3 Bh5 7. Nc3 Qc7 8. Be3 Nd7 9. Qd2 e6 10. O-O-O Be7 11. Kb1 O-O-O 12. Bf4 e5 13. Be3 f6 14. g4 Bf7 15. Ne2 Nf8 16. Ng3 Ne6 17. Qe2 Nd4 18. Bxd4 cxd4 19. Nd2 Rhe8 20. Rhf1 Qa5 21. Nb3 Qc7 22. Nf5 Bf8 23. f4 g6 24. Nh4 exf4 25. Nf3 Qb6 26. Qd2 g5 27. h4 h6 28. hxg5 hxg5 29. Rh1 Bb4 30. Qf2 a5 31. Nbxd4 Bc3 0-1


[Site "https://www.chess.com"]

[Event "Titled Tuesday Blitz June 6 Late 2023"]
[White "Visakh N R"]
[Black "Domingo Nunez, Alejandro"]
[WhiteFideId "25012223"]
[BlackFideId "22245561"]
[WhiteElo "2466"]
[BlackElo "2291"]
[Result "1-0"]
[Round "5"]
[TimeControl "180+2"]
[Date "2023.06.07"]
[WhiteClock "0:01:24"]
[BlackClock "0:00:12"]
[Board "42"]

1. e4 g6 2. d4 Bg7 3. Nc3 c6 4. Be3 d5 5. Qd2 dxe4 6. Nxe4 Nf6 7. Nxf6+ exf6 8. O-O-O O-O 9. Bh6 Qd5 10. Bxg7 Kxg7 11. c4 Qd6 12. h4 h5 13. Kb1 b5 14. cxb5 cxb5 15. Bxb5 Bf5+ 16. Bd3 Be6 17. Nf3 Nc6 18. Be4 Bd5 19. Bxd5 Qxd5 20. Rc1 Rfd8 21. Rc5 Qe4+ 22. Qc2 Qxc2+ 23. Rxc2 Nxd4 24. Nxd4 Rxd4 25. g3 f5 26. b3 f4 27. Kb2 fxg3 28. fxg3 Re8 29. Rf1 Re7 30. Rf3 a5 31. Rfc3 Rg4 32. Ka3 Ree4 33. Rf3 Re7 34. Rc5 a4 35. bxa4 Ree4 36. Rc7 Rxa4+ 37. Kb2 Rgb4+ 38. Ka1 Ra6 39. Rfxf7+ Kg8 40. Rg7+ Kf8 41. Rcf7+ Ke8 42. Re7+ Kd8 43. Rb7 Rxb7 44. Rxb7 Ra3 45. Rb3 Ra4 46. a3 Kc7 47. Kb2 Rg4 48. Rc3+ Kb6 49. Kb3 Kb5 50. Re3 Ka5 51. Re5+ Kb6 52. Rg5 Rxg5 53. hxg5 Kb5 54. a4+ Ka5 55. Ka3 Kb6 56. Kb4 Ka6 57. Kc5 Ka5 58. Kd5 Kxa4 59. Ke5 Kb5 60. Kf6 Kc6 61. Kxg6 Kd6 62. Kxh5 1-0


[Site "https://www.chess.com"]

[Event "Titled Tuesday Blitz June 6 Late 2023"]
[White "Martic, Ivan"]
[Black "Hambleton, Aman"]
[WhiteFideId "929301"]
[BlackFideId "2606577"]
[WhiteElo "2346"]
[BlackElo "2511"]
[Result "1-0"]
[Round "5"]
[TimeControl "180+2"]
[Date "2023.06.07"]
[WhiteClock "0:00:24"]
[BlackClock "0:00:02"]
[Board "43"]

1. e4 b6 2. d4 Bb7 3. Bd3 e6 4. Nf3 d5 5. e5 Ba6 6. Bxa6 Nxa6 7. c3 Qd7 8. O-O c5 9. Qe2 Nb8 10. Rd1 c4 11. b3 cxb3 12. axb3 Nc6 13. Ba3 Bxa3 14. Nxa3 Nge7 15. Qd3 h6 16. Nb5 O-O 17. Nd6 f6 18. Nb5 fxe5 19. Nxe5 Nxe5 20. dxe5 Nc6 21. Re1 Rf5 22. Nd4 Nxd4 23. cxd4 a5 24. Rec1 Rff8 25. b4 axb4 26. h4 Qf7 27. f3 Qe7 28. Rab1 Ra3 29. Qg6 b3 30. Rc6 Re8 31. Rxb6 Qf7 32. Qxf7+ Kxf7 33. R1xb3 Ra1+ 34. Kh2 Rd1 35. R3b4 g5 36. h5 Re7 37. Kg3 Rd2 38. Rb7 Rxb7 39. Rxb7+ Kf8 40. Rh7 Rxd4 41. Rxh6 Kf7 42. Rf6+ Ke7 43. Rg6 Rd1 44. Rxg5 Kf7 45. Rg6 Rh1 46. Rf6+ Ke7 47. h6 Rh5 48. f4 d4 49. Kf3 Rh2 50. Ke4 Rxg2 51. Kxd4 Rh2 52. Ke4 Rh3 53. Rg6 Kf7 54. Rf6+ Ke7 55. f5 Rh4+ 56. Kf3 exf5 57. Kg3 Rh5 58. Kf4 Ke8 59. Ra6 Kf7 60. h7 1-0


[Site "https://www.chess.com"]

[Event "Titled Tuesday Blitz June 6 Late 2023"]
[White "Omranalhosani21"]
[Black "Gadimbayli, Abdulla"]
[BlackFideId "13404938"]
[WhiteElo "2614"]
[BlackElo "2386"]
[Result "0-1"]
[Round "5"]
[TimeControl "180+2"]
[Date "2023.06.07"]
[WhiteClock "0:00:07"]
[BlackClock "0:00:53"]
[Board "44"]

1. e4 c5 2. Nf3 d6 3. Bb5+ Bd7 4. Bd3 Nc6 5. c3 g6 6. O-O Bg7 7. Bc2 e5 8. Re1 Nge7 9. d3 O-O 10. Nbd2 h6 11. Rb1 Be6 12. Bb3 Kh7 13. Nf1 d5 14. Ng3 Qd7 15. Qe2 d4 16. cxd4 Bxb3 17. axb3 cxd4 18. Bd2 a5 19. Rec1 Qe6 20. Qd1 f5 21. h4 f4 22. Nf1 Bf6 23. Rc4 Rf7 24. Ra1 Rg8 25. Bxa5 g5 26. hxg5 Bxg5 27. Bc7 Bf6 28. Ne1 Ng6 29. Qh5 Rxc7 30. Nf3 Rcg7 31. b4 Nh4 32. Nxh4 Bxh4 33. g3 Qh3 34. b5 fxg3 35. fxg3 Rxg3+ 36. Nxg3 Qxg3+ 37. Kf1 Qf2# 0-1


[Site "https://www.chess.com"]

[Event "Titled Tuesday Blitz June 6 Late 2023"]
[White "Papasimakopoulos, Alexandros"]
[Black "Gubajdullin, Alexei"]
[WhiteFideId "4244125"]
[BlackFideId "4141202"]
[WhiteElo "2359"]
[BlackElo "2279"]
[Result "1-0"]
[Round "5"]
[TimeControl "180+2"]
[Date "2023.06.07"]
[WhiteClock "0:00:49"]
[BlackClock "0:00:06"]
[Board "45"]

1. d4 d5 2. c4 c6 3. cxd5 cxd5 4. Bf4 Nc6 5. e3 Nf6 6. Nc3 e6 7. Bd3 Be7 8. h3 O-O 9. Nf3 Qb6 10. a3 Bd7 11. O-O Rfc8 12. Qe2 Qd8 13. Rfc1 Be8 14. b4 a6 15. Qd1 b5 16. Nd2 Nd7 17. Nb3 Nb6 18. Nc5 Nc4 19. Qb3 Bd6 20. Nb7 Qe7 21. Nxd6 Nxd6 22. a4 Nc4 23. axb5 axb5 24. Rxa8 Rxa8 25. Nxb5 Nxb4 26. Bxc4 dxc4 27. Qxc4 Nd5 28. Bg3 Qb7 29. Nd6 Qb2 30. Qc2 Qxc2 31. Rxc2 f5 32. Be5 Bg6 33. Rb2 Bf7 34. Rb7 Rf8 35. g4 fxg4 36. hxg4 h6 37. e4 Nc3 38. f3 Nd1 39. Kg2 Ne3+ 40. Kf2 Nc2 41. Ke2 Na3 42. Kd3 g6 43. Nxf7 Rxf7 44. Rb8+ Rf8 45. Rxf8+ Kxf8 46. Bd6+ Kf7 47. Bxa3 h5 48. gxh5 gxh5 49. Ke3 h4 50. Kf2 h3 51. Kg3 1-0


[Site "https://www.chess.com"]

[Event "Titled Tuesday Blitz June 6 Late 2023"]
[White "Yanchenko, Roman"]
[Black "Principe, Gerson"]
[WhiteFideId "4137329"]
[BlackFideId "3804550"]
[WhiteElo "2491"]
[BlackElo "2229"]
[Result "1-0"]
[Round "5"]
[TimeControl "180+2"]
[Date "2023.06.07"]
[WhiteClock "0:00:03"]
[BlackClock "0:00:01"]
[Board "46"]

1. d4 Nf6 2. Nf3 e6 3. c4 b6 4. Nc3 Bb7 5. Bg5 Bb4 6. Qc2 h6 7. Bh4 g5 8. Bg3 Ne4 9. e3 Bxc3+ 10. bxc3 d6 11. Nd2 f5 12. f3 Nxd2 13. Qxd2 Nd7 14. h4 Kf7 15. d5 e5 16. Bd3 Qf6 17. Qc2 f4 18. Bf2 Nc5 19. O-O-O Nxd3+ 20. Qxd3 Qg6 21. Qe2 Rag8 22. g3 fxg3 23. Bxg3 Bc8 24. Rdg1 Ke8 25. Be1 g4 26. Qd1 Bd7 27. h5 Qh7 28. e4 gxf3 29. Qxf3 Rf8 30. Qe2 Rf4 31. Rg6 Rhf8 32. c5 dxc5 33. d6 cxd6 34. Rhg1 Qe7 35. Rxh6 Bc6 36. Rhg6 Bxe4 37. Rg7 Qe6 38. h6 Qd5 39. Qb5+ Qc6 40. Qxc6+ Bxc6 41. h7 Be4 42. Rxa7 Bxh7 43. Rgg7 Bf5 44. Ra8+ 1-0


[Site "https://www.chess.com"]

[Event "Titled Tuesday Blitz June 6 Late 2023"]
[White "Arnaudov, G. Petar"]
[Black "Wadsworth, Matthew J"]
[WhiteFideId "2907127"]
[BlackFideId "415804"]
[WhiteElo "2430"]
[BlackElo "2347"]
[Result "0-1"]
[Round "5"]
[TimeControl "180+2"]
[Date "2023.06.07"]
[WhiteClock "0:00:57"]
[BlackClock "0:00:48"]
[Board "47"]

1. Nf3 d5 2. g3 Nf6 3. Bg2 c6 4. c4 dxc4 5. O-O Nbd7 6. Qc2 Nb6 7. a4 a5 8. Na3 g6 9. Nxc4 Nxc4 10. Qxc4 Bg7 11. d3 O-O 12. Qc2 Nd5 13. Bd2 Qd6 14. Ng5 Nb4 15. Qc1 Qe5 16. Bc3 Qxe2 17. Re1 Qc2 18. Bxg7 Qxc1 19. Raxc1 Kxg7 20. Rxe7 Kf6 21. Nxh7+ Kxe7 22. Nxf8 Kxf8 23. d4 Be6 24. Rc5 Bd5 25. Bxd5 Nxd5 26. h4 Ke7 27. Kg2 Kd6 28. Kf3 b6 29. Rc1 Re8 30. g4 Nb4 31. h5 gxh5 32. gxh5 Kd5 33. h6 Rh8 34. Rh1 Kxd4 35. Kf4 Nd3+ 36. Kf5 Nxf2 37. Rh4+ Kd5 38. Kf6 Rxh6+ 39. Rxh6 Ng4+ 40. Kg5 Nxh6 41. Kxh6 f5 42. Kg5 Ke4 43. Kh4 f4 44. Kh3 Ke3 45. Kg2 Ke2 0-1


[Site "https://www.chess.com"]

[Event "Titled Tuesday Blitz June 6 Late 2023"]
[White "reevecanada"]
[Black "Alex_Sahakyan2006"]
[WhiteElo "2591"]
[BlackElo "2697"]
[Result "1-0"]
[Round "5"]
[TimeControl "180+2"]
[Date "2023.06.07"]
[WhiteClock "0:01:05"]
[BlackClock "0:00:03"]
[Board "48"]

1. e4 e6 2. Nf3 d5 3. Nc3 d4 4. Ne2 c5 5. d3 Nc6 6. g3 Bd6 7. Bg2 Nge7 8. O-O O-O 9. Nd2 f5 10. f4 Bc7 11. e5 Nd5 12. Nb3 b6 13. c4 dxc3 14. bxc3 Bb7 15. Bb2 Qd7 16. Qd2 Rad8 17. Rad1 Ba6 18. a3 Rb8 19. Rfe1 Rfd8 20. Qc1 c4 21. dxc4 Bxc4 22. Nbd4 Nxd4 23. Nxd4 b5 24. h3 Bb6 25. Kh2 a5 26. Rd2 a4 27. Red1 Qf7 28. Nc6 Be3 29. Nxb8 Rxb8 30. Rxd5 Qa7 31. Rd8+ Rxd8 32. Rxd8+ Kf7 33. Qd1 Kg6 34. Qd7 Bg1+ 35. Kh1 Qf2 36. Rg8 Kh5 37. Qxg7 Qxg2+ 38. Kxg2 Bd5+ 39. Kxg1 h6 40. Qg4+ 1-0


[Site "https://www.chess.com"]

[Event "Titled Tuesday Blitz June 6 Late 2023"]
[White "Goryachkina, Aleksandra"]
[Black "Sun, Rick"]
[WhiteFideId "4147103"]
[BlackFideId "30909481"]
[WhiteElo "2471"]
[BlackElo "2169"]
[Result "1/2-1/2"]
[Round "5"]
[TimeControl "180+2"]
[Date "2023.06.07"]
[WhiteClock "0:00:05"]
[BlackClock "0:00:06"]
[Board "49"]

1. e4 d6 2. d4 Nf6 3. Nc3 Nbd7 4. Nf3 e5 5. Bc4 Be7 6. O-O O-O 7. a4 c6 8. Re1 Qc7 9. h3 h6 10. Ba2 Re8 11. Nh4 Nf8 12. Nf5 Bxf5 13. exf5 exd4 14. Qxd4 d5 15. Bf4 Bd6 16. Bxd6 Qxd6 17. b4 N8d7 18. a5 a6 19. Na4 Re4 20. Rxe4 Nxe4 21. Rd1 Re8 22. Nb6 Nxb6 23. axb6 Qe5 24. Qxe5 Rxe5 25. Bb3 Nc3 26. Rd3 d4 27. Kf1 Nb5 28. g4 Kf8 29. Bc4 h5 30. f4 Re4 31. Kg2 hxg4 32. hxg4 Rxf4 33. Kg3 Re4 34. Kf3 Re3+ 35. Rxe3 dxe3 36. Kxe3 Nd6 37. Bd3 f6 38. Kd4 Ke7 39. Kc5 Kd7 40. c4 Nf7 41. Be2 Ne5 42. Kd4 Kd6 43. c5+ Kd7 44. Kc3 Nf7 45. Kd4 Ng5 46. Kc3 Ne4+ 47. Kd4 Ng5 48. Ke3 Nf7 49. Kd4 Nh6 50. Ke4 Nf7 51. Kd4 1/2-1/2


[Site "https://www.chess.com"]

[Event "Titled Tuesday Blitz June 6 Late 2023"]
[White "Nazari, Arad"]
[Black "Becerra, Juan David"]
[WhiteFideId "12577324"]
[BlackFideId "4404998"]
[WhiteElo "2175"]
[BlackElo "2304"]
[Result "1-0"]
[Round "5"]
[TimeControl "180+2"]
[Date "2023.06.07"]
[WhiteClock "0:00:28"]
[BlackClock "0:00:09"]
[Board "50"]

1. e4 e5 2. f4 d5 3. exd5 exf4 4. Nf3 Nf6 5. Bb5+ Bd7 6. Bxd7+ Nbxd7 7. O-O Nxd5 8. c4 N5f6 9. d4 Nh5 10. Re1+ Be7 11. Qe2 Kf8 12. Nc3 Bh4 13. Rf1 Bf6 14. Nd5 c6 15. Nxf4 Nxf4 16. Bxf4 g6 17. Bh6+ Kg8 18. Rae1 Bg7 19. Ng5 Bxh6 20. Nxf7 Qh4 21. Nxh6+ Qxh6 22. Qe6+ Kg7 23. Qf7# 1-0


[Site "https://www.chess.com"]

[Event "Titled Tuesday Blitz June 6 Late 2023"]
[White "Sargsyan, Anna M."]
[Black "Shuvalova, Polina"]
[WhiteFideId "13308130"]
[BlackFideId "24171760"]
[WhiteElo "2284"]
[BlackElo "2281"]
[Result "1/2-1/2"]
[Round "5"]
[TimeControl "180+2"]
[Date "2023.06.07"]
[WhiteClock "0:00:05"]
[BlackClock "0:00:03"]
[Board "51"]

1. e4 c6 2. d4 d5 3. exd5 cxd5 4. Bd3 Nc6 5. c3 Nf6 6. Bf4 Bg4 7. Qb3 Qd7 8. Nd2 e6 9. Ngf3 Bd6 10. Bxd6 Qxd6 11. O-O O-O 12. Rfe1 Qc7 13. h3 Bxf3 14. Nxf3 a6 15. a4 Rab8 16. Ne5 Nxe5 17. Rxe5 b5 18. axb5 axb5 19. Qb4 Nd7 20. Ree1 Nb6 21. Ra6 Nc4 22. b3 Rfd8 23. Rea1 Nd6 24. Ra7 Rb7 25. Qc5 Qd7 26. Rxb7 Qxb7 27. Ra7 Qb8 28. Ra6 g6 29. Rb6 Qa8 30. Rxd6 Qa1+ 31. Kh2 Rxd6 32. Qxd6 Qxc3 33. Bxb5 Qxb3 34. Be2 Qb2 35. Qe5 Qd2 36. Qe3 Qb2 37. h4 h5 38. Bd3 Kg7 39. g3 Kg8 40. Kg2 Qb6 41. Be2 Qb2 42. Qd3 Kg7 43. Qe3 Kg8 44. Bf3 Qa1 45. g4 hxg4 46. Bxg4 Qb1 47. Qe5 Qd3 48. h5 gxh5 49. Bxh5 Qh7 50. Bf3 Kf8 51. Kf1 Qb1+ 52. Kg2 Qg6+ 53. Qg3 Qd3 54. Qb8+ Kg7 55. Qe5+ Kf8 56. Qf4 Qg6+ 57. Qg4 Qd3 58. Qf4 Qg6+ 59. Kh2 Qh7+ 60. Kg1 Qb1+ 61. Kg2 Qg6+ 1/2-1/2


[Site "https://www.chess.com"]

[Event "Titled Tuesday Blitz June 6 Late 2023"]
[White "Trifan, Andrei Ioan"]
[Black "laziestwin"]
[WhiteFideId "12967068"]
[WhiteElo "2208"]
[BlackElo "2672"]
[Result "1/2-1/2"]
[Round "5"]
[TimeControl "180+2"]
[Date "2023.06.07"]
[WhiteClock "0:00:23"]
[BlackClock "0:00:20"]
[Board "52"]

1. e4 c5 2. Nf3 d6 3. Bd3 Nf6 4. O-O Nc6 5. Re1 g6 6. c3 Bg7 7. h3 O-O 8. Bc2 e5 9. d3 d5 10. exd5 Nxd5 11. Nbd2 h6 12. Ne4 b6 13. a4 Be6 14. Bd2 f5 15. Ng3 Re8 16. Qc1 Kh7 17. Nf1 Qc7 18. h4 Rad8 19. Ng3 Nf4 20. h5 g5 21. Qb1 Qf7 22. d4 e4 23. Nxe4 fxe4 24. Bxe4+ Kh8 25. Bxc6 Rf8 26. Bxf4 gxf4 27. Nh4 Kg8 28. Ng6 Bf5 29. Be4 Bxg6 30. Bxg6 Qf6 31. dxc5 bxc5 32. Qa2+ Kh8 33. Rad1 f3 34. Rxd8 Rxd8 35. Qf7 fxg2 36. Qxf6 Bxf6 37. Kxg2 Rd2 38. Re8+ Kg7 39. Ra8 Rxb2 40. Rxa7+ Kg8 41. Ra8+ Kg7 42. Ra7+ Kg8 43. Ra8+ Kg7 44. Rc8 Bxc3 45. Rc7+ Kf6 46. Rxc5 Rxf2+ 47. Kxf2 Bd4+ 48. Kf3 Bxc5 49. Ke4 Kg7 50. Kd5 Bg1 51. Kc6 Kh8 52. Kb7 Bf2 53. a5 Bg1 54. a6 Bf2 55. a7 Bxa7 56. Kxa7 Kg7 57. Kb7 Kh8 58. Kc6 Kg7 59. Kd6 Kh8 60. Ke6 Kg7 61. Ke7 Kh8 62. Kf6 Kg8 63. Bf7+ Kh8 64. Be6 Kh7 65. Kf7 Kh8 66. Bh3 Kh7 67. Bg2 Kh8 68. Kg6 Kg8 69. Kxh6 Kh8 70. Bd5 1/2-1/2


[Site "https://www.chess.com"]

[Event "Titled Tuesday Blitz June 6 Late 2023"]
[White "Martins, Bruno Andre Leite"]
[Black "MKlose11"]
[WhiteFideId "1942255"]
[WhiteElo "2241"]
[BlackElo "2546"]
[Result "1-0"]
[Round "5"]
[TimeControl "180+2"]
[Date "2023.06.07"]
[WhiteClock "0:00:04"]
[BlackClock "0:00:01"]
[Board "53"]

1. d4 Nf6 2. c4 c5 3. d5 b5 4. Qc2 bxc4 5. e4 d6 6. Bxc4 g6 7. Nf3 Bg7 8. O-O O-O 9. Re1 Ba6 10. Na3 Nfd7 11. Bxa6 Nxa6 12. Nc4 Nb6 13. Nfd2 Nxc4 14. Nxc4 Nb8 15. Rb1 Nd7 16. Bd2 Ne5 17. Na5 Qb6 18. b3 Rfe8 19. h3 Qa6 20. Bc3 Nd3 21. Red1 Bxc3 22. Qxc3 Nb4 23. Nc4 Qxa2 24. Ra1 Qe2 25. Re1 Qd3 26. Qxd3 Nxd3 27. Red1 Nb4 28. Ra4 a6 29. f4 f6 30. Kf2 Rab8 31. Rd2 Rb7 32. e5 dxe5 33. fxe5 fxe5 34. d6 Rd8 35. dxe7 Rxd2+ 36. Nxd2 Rxe7 37. Ke3 Rd7 38. Nc4 Rd3+ 39. Ke4 Rxb3 40. Nxe5 Rg3 41. Ra5 Rxg2 42. Rxc5 Re2+ 43. Kd4 Rf2 44. Rc8+ Rf8 45. Rc7 a5 46. Ng4 Rd8+ 47. Ke5 Nd3+ 48. Kf6 Rd6+ 49. Kg5 Kf8 50. Nf6 Ne5 51. Nxh7+ Ke8 52. Nf6+ Kd8 53. Ra7 Nc6 54. Ra8+ Kc7 55. Kxg6 Kb7 56. Re8 a4 57. Re1 a3 58. Ra1 Rd3 59. h4 Nb4 60. h5 Rg3+ 61. Kf5 a2 62. h6 Rh3 63. h7 Rh2 64. Kg6 Rg2+ 65. Kh6 Rh2+ 66. Nh5 1-0


[Site "https://www.chess.com"]

[Event "Titled Tuesday Blitz June 6 Late 2023"]
[White "Hollan, Martin"]
[Black "Novikov, Evgenij"]
[WhiteFideId "360937"]
[BlackFideId "4125380"]
[WhiteElo "2370"]
[BlackElo "2242"]
[Result "1-0"]
[Round "5"]
[TimeControl "180+2"]
[Date "2023.06.07"]
[WhiteClock "0:01:00"]
[BlackClock "0:00:01"]
[Board "54"]

1. b4 e5 2. Bb2 Bxb4 3. Bxe5 Nf6 4. e3 Nc6 5. Bb2 d6 6. Nf3 Bg4 7. Be2 O-O 8. O-O a5 9. h3 Bh5 10. d3 Re8 11. Nbd2 Bxd2 12. Qxd2 Qd7 13. Rab1 Nd5 14. e4 Nb6 15. Qc3 f6 16. Bc1 Bf7 17. a3 d5 18. Be3 dxe4 19. dxe4 Rxe4 20. Rfd1 Qe8 21. Bb5 Nc4 22. Bc5 Qe6 23. Re1 Re8 24. Rxe4 Qxe4 25. Re1 Qxe1+ 26. Nxe1 Nd6 27. Bxd6 cxd6 28. Nd3 Rc8 29. Bxc6 Rxc6 30. Qxa5 g6 31. Nb4 Rc5 32. Qd8+ Kg7 33. Qxd6 Re5 34. Qb6 Re1+ 35. Kh2 Ra1 36. Qxb7 Rxa3 37. Nc6 Kf8 38. Nd8 Ba2 39. Qb4+ Ke8 40. Qxa3 1-0


[Site "https://www.chess.com"]

[Event "Titled Tuesday Blitz June 6 Late 2023"]
[White "Krsnik Cohar, Ivan Vihor"]
[Black "Martinez Ramirez, Lennis"]
[WhiteFideId "14520044"]
[BlackFideId "3509079"]
[WhiteElo "2414"]
[BlackElo "2410"]
[Result "0-1"]
[Round "5"]
[TimeControl "180+2"]
[Date "2023.06.07"]
[WhiteClock "0:00:03"]
[BlackClock "0:00:16"]
[Board "55"]

1. e4 c5 2. Ne2 Nc6 3. g3 d5 4. Bg2 dxe4 5. Nbc3 f5 6. d3 exd3 7. Nf4 Nf6 8. cxd3 g6 9. O-O Bg7 10. Be3 Nd4 11. Qa4+ Bd7 12. Qc4 e5 13. Qxc5 Nc6 14. Bxc6 Bxc6 15. Qxe5+ Qe7 16. Ne6 Kf7 17. Ng5+ Ke8 18. Qe6 Qxe6 19. Nxe6 Kf7 20. Nxg7 Kxg7 21. Rfe1 Rhd8 22. Bg5 Kf7 23. Re3 h6 24. Bxf6 Kxf6 25. Rae1 Rd6 26. Re7 Rad8 27. Rh7 Kg5 28. h4+ Kh5 29. Ne2 Kg4 30. Rxh6 Re8 31. Kf1 Rde6 32. d4 Bb5 33. Kg2 Bxe2 34. Rxe2 Rxe2 35. Rxg6+ Kh5 36. Rg5+ Kh6 37. Rxf5 Rxb2 38. g4 Re4 39. Kg3 Rxd4 40. Rf6+ Kg7 41. g5 Rxa2 42. f4 Ra1 43. Kg4 Rg1+ 44. Kh5 Rd7 45. f5 Rf7 46. Rg6+ Kf8 47. f6 Rh7+ 48. Rh6 Rxh6+ 49. Kxh6 a5 50. h5 a4 51. Kh7 Rxg5 0-1


[Site "https://www.chess.com"]

[Event "Titled Tuesday Blitz June 6 Late 2023"]
[White "Lopez Mulet, Inigo"]
[Black "Hajiyev, Kanan"]
[WhiteFideId "22235620"]
[BlackFideId "13404148"]
[WhiteElo "2302"]
[BlackElo "2115"]
[Result "1-0"]
[Round "5"]
[TimeControl "180+2"]
[Date "2023.06.07"]
[WhiteClock "0:01:49"]
[BlackClock "0:00:03"]
[Board "56"]

1. c3 c6 2. e4 d5 3. e5 c5 4. d4 cxd4 5. cxd4 Nc6 6. Nc3 Bf5 7. Bd3 Bxd3 8. Qxd3 e6 9. f4 Qb6 10. Nf3 Nh6 11. b3 Nf5 12. Ne2 Nb4 13. Qd2 Rc8 14. O-O Rc2 15. Qe1 Nxa2 16. g4 Bb4 17. Qd1 Nxc1 18. Qxc2 Nxe2+ 19. Qxe2 Nxd4 20. Nxd4 Qxd4+ 21. Kg2 O-O 22. Rad1 Qb6 23. f5 d4 24. f6 g6 25. Rd3 Rd8 26. Rff3 a5 27. Rh3 Bf8 28. g5 Qc6+ 29. Kg1 h5 30. gxh6 Kh7 31. Rhg3 Qc1+ 32. Qd1 Qf4 33. Qe2 Rd5 34. h4 Rxe5 35. Qf2 Bxh6 36. Rxd4 Qxf2+ 37. Kxf2 Rf5+ 38. Rf3 Rb5 39. Rd7 Kg8 40. Rd8+ Kh7 41. Kg3 e5 42. Rd7 Kg8 43. Rc3 Bf4+ 44. Kg4 g5 45. h5 e4 46. Rc8+ 1-0


[Site "https://www.chess.com"]